Map: Tours du crépuscule

Players

Worming - Winner!

  • Race: Zerg Zerg
  • League: Diamond

spacegeek

  • Race: Protoss Protoss
  • League: Bronze

VOD

Have the link to the VOD?

Description

Time

  • Played on: Nov. 14, 2015, 5:21 a.m.
  • Length: 9:25
Show
View Real Time Build Order
Export as new Build Order

Worming Zerg - Winner!

Build Orders: Hatch First 

Get SALT Encoding   

  12  0:01  Drone  
  13  0:12  Overlord  
  13  0:17  Drone  
  14  0:31  Drone x2  
  14  0:35  Drone  
  17  0:54  Hatchery  
  17  0:56  Drone  
  17  1:00  Drone  
  18  1:12  Spawning Pool  
  18  1:16  Extractor  
  18  1:17  Drone  
  17  1:20  Drone  
  18  1:36  Overlord  
  18  1:40  Drone  
  19  1:59  Queen  
  19  2:00  Zergling x2  
  22  2:02  Zergling x2  
  22  2:07  Queen  
  25  2:08  Drone  
  26  2:17  Metabolic Boost  
  26  2:20  Drone  
  26  2:22  Drone x2  
  29  2:40  Drone x3  
  32  2:46  Overlord  
  32  3:19  Drone x11  
  43  3:37  Overlord  
  43  3:42  Extractor  
  43  3:43  Extractor  
  41  3:49  Drone  
  41  3:50  Drone x2  
  41  3:51  Overlord  
  43  3:56  Hatchery  
  43  4:02  Lair  
  42  4:05  Extractor, Evolution Chamber x2, Roach Warren  
  42  4:06  Drone x3  
  42  4:07  Drone  
  42  4:08  Drone x2  
  44  4:21  Overlord  
  44  4:28  Drone x3  
  44  4:30  Zerg Missile Weapons Level 1  
  44  4:31  Zerg Ground Armor Level 1  
  47  4:53  Drone x10  
  57  5:05  Glial Reconstitution  
  57  5:07  Drone  
  58  5:11  Overlord  
  58  5:13  Drone x3  
  60  5:17  Spine Crawler  
  60  5:18  Queen  
  60  5:21  Roach x4  
  63  5:23  Queen  
  63  5:25  Queen  
  73  5:30  Drone x5  
  78  5:40  Drone  
  79  5:51  Drone, Hatchery  
  79  6:08  Roach  
  79  6:09  Overlord  
  79  6:10  Overlord x8  
  81  6:30  Hydralisk Den  
  80  6:38  Roach  
  80  6:39  Roach x13  
  108  6:42  Zerg Missile Weapons Level 2  
  108  6:43  Zerg Ground Armor Level 2  
  108  6:52  Zergling x6  
  111  6:59  Overlord  
  111  7:00  Overlord, Pneumatized Carapace  
  111  7:05  Spine Crawler  
  111  7:06  Spine Crawler  
  109  7:08  Spine Crawler  
  106  7:18  Overseer  
  106  7:19  Overlord  
  106  7:23  Muscular Augments  
  106  7:26  Tunneling Claws  
  106  7:31  Infestation Pit  
  105  7:44  Burrow  
  105  7:46  Spine Crawler  
  105  7:48  Spine Crawler  
  105  7:50  Drone x3  
  93  8:39  Hydralisk x6  
  93  8:40  Hydralisk x16  
  137  8:44  Zergling x6, Extractor  
  137  8:47  Extractor  
  137  8:48  Extractor x2  
  137  8:54  Drone x3  
  137  8:55  Drone x2  
  140  8:57  Drone, Roach x6  
  140  8:58  Roach x5  
  140  8:59  Roach x3  
Show
View Real Time Build Order
Export as new Build Order

spacegeek Protoss 

Build Orders:  

Get SALT Encoding   

  12  0:02  Probe (Chrono Boost)  
  13  0:12  Probe (Chrono Boost)  
  14  0:26  Probe (Chrono Boost)  
  15  0:41  Pylon  
  15  1:00  Probe (Chrono Boost)  
  16  1:10  Probe (Chrono Boost)  
  17  1:20  Nexus  
  17  1:21  Probe (Chrono Boost)  
  17  1:23  Gateway  
  18  1:31  Probe (Chrono Boost)  
  19  1:39  Assimilator  
  19  1:42  Probe (Chrono Boost)  
  20  1:52  Probe (Chrono Boost)  
  21  2:00  Pylon  
  21  2:19  Cybernetics Core  
  21  2:26  Gateway  
  21  2:31  Zealot  
  23  2:40  Probe (Chrono Boost)  
  24  2:49  Probe (Chrono Boost)  
  24  2:51  Probe (Chrono Boost)  
  28  2:58  Zealot (Chrono Boost)  
  28  3:00  Warp Gate, Probe (Chrono Boost)  
  28  3:01  Probe (Chrono Boost)  
  30  3:10  Probe (Chrono Boost)  
  30  3:12  Probe (Chrono Boost)  
  32  3:20  Probe (Chrono Boost), Zealot (Chrono Boost)  
  32  3:22  Probe (Chrono Boost)  
  32  3:25  Zealot (Chrono Boost)  
  38  3:32  Probe  
  39  3:41  Forge  
  39  3:44  Probe  
  39  3:45  Zealot (Chrono Boost)  
  42  3:49  Zealot (Chrono Boost)  
  44  3:56  Probe  
  45  4:08  Probe  
  46  4:24  Pylon x4  
  46  4:33  Robotics Facility  
  46  4:39  Robotics Facility  
  46  4:41  Protoss Ground Weapons Level 1  
  46  4:42  Probe x2 (Chrono Boost), Zealot (Chrono Boost)  
  52  4:54  Probe (Chrono Boost)  
  52  4:55  Probe (Chrono Boost)  
  54  5:04  Probe (Chrono Boost)  
  54  5:07  Probe (Chrono Boost)  
  54  5:15  Probe (Chrono Boost)  
  54  5:16  Adept x2 (Chrono Boost)  
  54  5:19  Probe (Chrono Boost)  
  60  5:25  Probe (Chrono Boost)  
  61  5:31  Warp Prism x2  
  65  5:54  Assimilator x2  
  65  5:57  Assimilator  
  65  6:30  Stalker  
  65  6:31  Stalker  
  69  7:04  Stalker  
  69  7:05  Stalker  
  73  7:10  Immortal  
  71  7:41  Stalker x2  
  73  8:15  Stalker  
  73  8:16  Stalker  
  55  8:48  Stalker x2  
  59  9:05  Robotics Facility  
  59  9:13  Zealot  
  59  9:14  Zealot  
Tags
 
Add a new tag
Caveats
  • Supply blocks, unpowered buildings, or Contaminate may cause inaccurate times.
  • Supply counts are checked every 10 seconds.